 Dungeon Crawl Stone Soup version 0.21.1-1-g345015f (webtiles) character file.

44 vatarom the Caller (level 3, 0/20 HPs)
             Began as a Tengu Summoner on Mar 24, 2018.
             Slain by a rat (2 damage)
             ... on level 2 of the Dungeon.
             The game lasted 00:03:07 (1349 turns).

vatarom the Caller (Tengu Summoner)                 Turns: 1349, Time: 00:03:08

Health: 0/20       AC:  4    Str:  9    XL:     3   Next: 60%
Magic:  8/8        EV: 12    Int: 15    God:
Gold:   88         SH:  0    Dex: 14    Spells: 1/7 levels left

rFire    . . .     SeeInvis .   g - +0 hand axe
rCold    . . .     Gourm    .   (no shield)
rNeg     . . .     Faith    .   a - +0 robe
rPois    .         Spirit   .   (helmet restricted)
rElec    .         Reflect  .   e - +1 cloak
rCorr    .         Harm     .   (no gloves)
MR       .....                  (boots unavailable)
Stlth    ++........             (no amulet)
HPRegen  0.06/turn              (no ring)
MPRegen  0.11/turn              (no ring)

@: no status effects
A: beak, talons 3
a: no special abilities


You were on level 2 of the Dungeon.
You were not hungry.

You visited 1 branch of the dungeon, and saw 2 of its levels.

You collected 88 gold pieces.

Inventory:

Hand Weapons
 g - a +0 hand axe (weapon)
Armour
 a - a +0 robe (worn)
 e - a +1 cloak (worn)
Jewellery
 d - an uncursed ring of poison resistance {unknown}
 f - an uncursed amulet of the gourmand {unknown}
Potions
 i - a potion of brilliance {unknown}
Books
 b - a book of Callings

   Spells                             Type                      Level
   a - Summon Small Mammal            Summoning                    1
   b - Call Imp                       Summoning                    2
   c - Call Canine Familiar           Summoning                    3
   d - Summon Guardian Golem          Hexes/Summoning              3
   e - Summon Lightning Spire         Summoning/Air                4
   f - Summon Ice Beast               Ice/Summoning                4
Comestibles
 c - 3 chunks of flesh
 h - 2 rations


   Skills:
 + Level 1.1 Fighting
 - Level 2.1 Dodging
 - Level 2.0 Stealth
 * Level 2.7 Spellcasting
 * Level 5.5 Summonings


You had one spell level left.
You knew the following spells:

 Your Spells              Type           Power        Failure   Level  Hunger
a - Summon Small Mammal   Summ           ###.         2%          1    #......
b - Call Imp              Summ           ###.....     3%          2    ##.....
c - Call Canine Familiar  Summ           ###.....     6%          3    ###....


Dungeon Overview and Level Annotations

Branches:
Dungeon (2/15)

Altars:


Innate Abilities, Weirdness & Mutations

You have a beak for a mouth.
You have claws for feet.


Message History

The rat is moderately wounded.
You closely miss the quokka. The quokka bites you. The rat barely misses you.
You are too injured to fight recklessly!
You are too injured to fight recklessly!
You are too injured to fight recklessly!
You hit the rat but do no damage. You claw the rat, but do no damage.
The rat is moderately wounded.
You closely miss the quokka. The quokka bites you.
* * * LOW HITPOINT WARNING * * *
The rat bites you but does no damage. The quokka barely misses you.
The rat closely misses you.
You hit the rat.
You kill the rat!
You closely miss the quokka. The quokka closely misses you.
You hit the rat. Your kick misses the rat.
The rat is heavily wounded.
You closely miss the quokka. The quokka bites you.
* * * LOW HITPOINT WARNING * * *
The rat closely misses you. The quokka misses you. The rat bites you.
You die...

## ..##
####....#
#?@rr...#
#.#r....#
#####.##..##.#
#......####
#.##.....#
#.##.......#
#.##.....###
#.###...## .#
# #.# #####


You could see a quokka and 2 rats.

Vanquished Creatures
  A leopard gecko (D:1)
  A bat (D:1)
  A giant cockroach (D:1)
  3 goblins
  2 hobgoblins
  3 kobolds (D:1)
  16 rats
27 creatures vanquished.

Vanquished Creatures (collateral kills)
  An adder (D:2)
  2 leopard geckos
  2 giant cockroaches (D:1)
  2 hobgoblins (D:1)
  2 jackals (D:1)
  3 frilled lizards (D:1)
  3 goblins (D:1)
  3 kobolds (D:1)
  A rat (D:1)
19 creatures vanquished.

Grand Total: 46 creatures vanquished

Notes
Turn   | Place    | Note
-------+----------+-------------------------------------------
     0 | D:1      | vatarom the Tengu Summoner began the quest for the Orb.
     0 | D:1      | Reached XP level 1. HP: 10/10 MP: 4/4
   109 | D:1      | Reached skill level 5 in Summonings
   125 | D:1      | Reached XP level 2. HP: 11/16 MP: 6/6
   129 | D:1      | Learned a level 2 spell: Call Imp
   911 | D:1      | Reached XP level 3. HP: 15/20 MP: 4/7
   916 | D:1      | Learned a level 3 spell: Call Canine Familiar
  1145 | D:2      | Reached skill level 1 in Fighting
  1349 | D:2      | Slain by a rat

Skill      XL: |  1  2  3 |
---------------+----------+-----
Summonings     | 5 |  5.5
Fighting       | 1 |  1.1
Dodging        | |  2.1
Stealth        | |  2.0
Spellcasting   | |  2.7

Action                   || total
-------------------------++-------
Melee: Unarmed           ||    33
       Peck              ||     8
       Kick              ||    11
       Hand axe          ||    30
 Cast: Summon Small Mamm ||     6
       Call Imp          ||    14
       Call Canine Famil ||     2
  Use: Scroll            ||     3
 Stab: Sleeping          ||     2
  Eat: Ration            ||     1
Armor: Robe              ||    20
Dodge: Dodged            ||    64
